 Dungeon Crawl Stone Soup version 0.31-a0-1-g4198be8af4 (webtiles) character file.

Game seed: 8211575875382549490

473144 LustLizard the Scorcher (level 23, -38/144 HPs)
             Began as a Deep Elf Air Elementalist on May 1, 2023.
             Was the Champion of Vehumet.
             Annihilated by a rockslime (41 damage)
             ... created by the Royal Jelly
             ... on level 5 of the Pits of Slime on May 2, 2023.
             The game lasted 02:55:19 (66701 turns).

LustLizard the Scorcher (DEAE)                     Turns: 66701, Time: 02:55:19

Health: -38/144    AC: 16    Str: 11    XL:     23   Next: 57%
Magic:  19/42      EV: 21    Int: 26    God:    Vehumet [******]
Gold:   2702       SH: 18    Dex: 18    Spells: 2/48 levels left

rFire   + . .        X - +9 staff of Olgreb {rPois∞}
rCold   . . .        m - +5 kite shield {reflect}
rNeg    + + .        S - +1 leather armour of Tycewesu {Contam rPois rN+ Str+4}
rPois   ∞            Q - +2 hat {Stlth+}
rElec   +            G - +2 cloak {rCorr}
rCorr   +            T - +2 pair of gloves {Dex+3}
SInv    +            O - +2 pair of boots
Will    +++..        n - amulet of Vitality {RegenMP++ Regen++}
Stlth   +++++        u - ring of Yfih {rElec rF+ rN+ Will+ Str-4}
HPRegen 2.04/turn    Y - ring of see invisible
MPRegen 1.08/turn

%: reflection
@: about to teleport
A: no striking features
}: 2/15 runes: decaying, gossamer
a: Renounce Religion, Evoke the Staff of Olgreb


You were on level 5 of the Pits of Slime.
You worshipped Vehumet.
Vehumet was exalted by your worship.
You visited 10 branches of the dungeon, and saw 46 of its levels.
You also visited: Gauntlet and Ice Cave.

You collected 4663 gold pieces.
You spent 1961 gold pieces at shops.

Inventory:

Hand Weapons
 X - the +9 staff of Olgreb (weapon) {rPois∞}
   (You took it off Arachne on level 4 of the Spider Nest)

   It enhances your poison magic.
   It grants immunity to poison.
   It can be activated via the 'a'bility menu to radiate toxic energy, with
   effectiveness depending on Evocations skill.
Missiles
 a - 5 throwing nets
 c - 66 poisoned darts
Armour
 m - a +5 kite shield of reflection (worn)
 G - a +2 cloak of preservation (worn)
 J - a +3 buckler of cold resistance
 O - a +2 pair of boots (worn)
 Q - a +2 hat of stealth (worn)
 S - the +1 leather armour of Tycewesu (worn) {Contam rPois rN+ Str+4}
   (You found it in a Gauntlet)

   Str:       It affects your strength (+4).
   rPois:     It protects you from poison.
   rN:        It protects you from negative energy.
   Contam:    It causes magical contamination when unequipped.
 T - a +2 pair of gloves of dexterity (worn)
Jewellery
 n - the amulet of Vitality (around neck) {RegenMP++ Regen++}
   (You took it off a mummy priest on level 2 of the Depths)

   [amulet of magic regeneration]

   It increases your rate of magic regeneration.
   Regen:     It increases your rate of health regeneration.
 s - the ring of Getig {rF+ Will+ Str+3 Int+3 Slay+3}
   (You acquired it on level 1 of the Spider Nest)

   [ring of willpower]

   Str:       It affects your strength (+3).
   Int:       It affects your intelligence (+3).
   Slay:      It affects your accuracy & damage with ranged weapons and melee
   (+3).
   rF:        It protects you from fire.
   Will:      It increases your willpower.
 t - an amulet of regeneration
 u - the ring of Yfih (left hand) {rElec rF+ rN+ Will+ Str-4}
   (You found it in a Gauntlet)

   [ring of positive energy]

   Str:       It affects your strength (-4).
   rF:        It protects you from fire.
   rElec:     It insulates you from electricity.
   rN:        It protects you from negative energy.
   Will:      It increases your willpower.
 w - the ring of Omefimno {rC++ AC+4 Str-3}
   (You found it on level 4 of the Vaults)

   [ring of protection]

   AC:        It affects your AC (+4).
   Str:       It affects your strength (-3).
   rC:        It greatly protects you from cold.
 I - a ring of protection from cold
 R - the ring "Ekodoefo" {+Blink rC+ rN++ Dex+4}
   (You took it off a minotaur in a Gauntlet)

   [ring of protection from cold]

   Dex:       It affects your dexterity (+4).
   rC:        It protects you from cold.
   rN:        It greatly protects you from negative energy.
   +Blink:    It lets you blink.
 U - an amulet of reflection
 Y - a ring of see invisible (right hand)
Wands
 o - a wand of charming (49)
 v - a wand of digging (4)
 C - a wand of light (16)
 E - a wand of polymorph (25)
 K - a wand of roots (16)
 N - a wand of flame (107)
 P - a wand of mindburst (16)
Scrolls
 d - 4 scrolls of poison
 f - 11 scrolls of magic mapping
 j - 5 scrolls of amnesia
 l - a scroll of fog
 p - 3 scrolls of silence
 q - 6 scrolls of fear
 y - a scroll of enchant armour
 F - 3 scrolls of summoning
 L - 3 scrolls of teleportation
 M - 9 scrolls of immolation
Potions
 b - 3 potions of magic
 g - a potion of resistance
 h - 4 potions of brilliance
 i - 6 potions of cancellation
 k - 2 potions of heal wounds
 r - 15 potions of curing
 x - 7 potions of haste
 z - 4 potions of mutation
 A - 14 potions of might
 B - 5 potions of ambrosia
 D - 10 potions of flight
 H - 4 potions of invisibility
 Z - 3 potions of berserk rage
Miscellaneous
 e - a phial of floods
 V - a phantom mirror (inert)


   Skills:
 + Level 14.9 Fighting
 + Level 9.9 Staves
 - Level 5.3 Armour
 - Level 17.4 Dodging
 - Level 8.0 Stealth
 + Level 13.2 Shields
 - Level 13.0 Spellcasting
 * Level 17.7 Conjurations
 - Level 4.0 Hexes
 - Level 6.0 Translocations
 + Level 18.6 Fire Magic
 - Level 16.7 Air Magic
 - Level 13.8 Evocations


You had 2 spell levels left.
You knew the following spells:

 Your Spells              Type           Power      Damage    Failure   Level
a - Irradiate             Conj/Tmut      29%        3d21      1%          5
b - Ignite Poison         Fire/Tmut/Pois 65%        N/A       1%          3
c - Swiftness             Air            81%        N/A       1%          3
d - Airstrike             Air            40%        2d(6-22)  1%          4
e - Tukima's Dance        Hex            37%        N/A       5%          3
f - Arcjolt               Conj/Air       41%        1d51      1%          5
g - Foxfire               Conj/Fire      100%       2x1d9     0%          1
h - Plasma Beam           Fire/Air       41%        2x1d60    1%          6
i - Fireball              Conj/Fire      42%        3d17      1%          5
j - Blink                 Tloc           96%        N/A       1%          2
k - Fire Storm            Conj/Fire      42%        8d11      78%         9

Your spell library contained the following spells:

 Spells                   Type           Power      Damage    Failure   Level
 Chain Lightning          Conj/Air       41%        3d54      87%         9
 Shatter                  Erth           8%         3d10*     100%        9
 Magic Dart               Conj           100%       1d8       0%          1
 Shock                    Conj/Air       100%       1d9       0%          1
 Scorch                   Fire           100%       2d9       0%          2
 Searing Ray              Conj           100%       2d8       0%          2
 Static Discharge         Conj/Air       100%       2-7/arc   0%          2
 Apportation              Tloc           96%        N/A       1%          1
 Slow                     Hex            100%       N/A       1%          1
 Ensorcelled Hibernation  Hex/Ice        54%        N/A       6%          2
 Summon Small Mammal      Summ           64%        N/A       10%         1
 Passwall                 Tmut/Erth      13%        N/A       14%         2
 Dazzling Flash           Conj/Hex       100%       N/A       1%          3
 Inner Flame              Hex/Fire       66%        N/A       1%          3
 Vhi's Electric Charge    Tloc/Air       100%       N/A       1%          3
 Volatile Blastmotes      Fire/Tloc      100%       2d18      1%          3
 Flame Wave               Conj/Fire      84%        2d18      1%          4
 Fulminant Prism          Conj/Hex       32%        3d16      1%          4
 Iskenderun's Mystic Bla  Conj/Tloc      68%        2d14      1%          4
 Sticky Flame             Conj/Fire      84%        2d10      1%          4
 Starburst                Conj/Fire      42%        6d12      1%          6
 Portal Projectile        Hex/Tloc       84%        N/A       3%          3
 Silence                  Hex/Air        31%        N/A       3%          5
 Confusing Touch          Hex            37%        N/A       5%          3
 Passage of Golubria      Tloc           48%        N/A       9%          4
 Summon Guardian Golem    Hex/Summ       27%        N/A       13%         3
 Maxwell's Capacitive Co  Air            40%        ∞         17%         8
 Cause Fear               Hex            18%        N/A       19%         4
 Call Canine Familiar     Summ           16%        N/A       28%         3
 Spider Form              Tmut/Pois      25%        N/A       28%         3
 Vampiric Draining        Necr           16%        2d7       28%         3
 Yara's Violent Unravell  Hex/Tmut       13%        3d7       28%         5
 Anguish                  Hex/Necr       13%        N/A       38%         4
 Leda's Liquefaction      Hex/Erth       13%        N/A       38%         4
 Lee's Rapid Deconstruct  Erth           8%         3d7*      54%         5
 Agony                    Necr           16%        N/A       95%         5
 Alistair's Intoxication  Tmut/Pois      16%        N/A       95%         5
 Blade Hands              Tmut           8%         N/A       95%         5
 Borgnjor's Vile Clutch   Necr/Erth      8%         N/A       95%         5
 Eringya's Noxious Bog    Tmut/Pois      12%        N/A       96%         6
 Lehudib's Crystal Spear  Conj/Erth      29%        10d8      98%         8
 Simulacrum               Ice/Necr       8%         N/A       100%        6
 Summon Cactus Giant      Summ           8%         N/A       100%        6
 Enfeeble                 Hex            18%        N/A       100%        7
 Malign Gateway           Summ/Tloc      16%        N/A       100%        7
 Ozocubu's Refrigeration  Ice            8%         4d9       100%        7
 Polar Vortex             Ice            8%         N/A       100%        9


Dungeon Overview and Level Annotations

Branches:
Dungeon (15/15)            Temple (1/1) D:7            Lair (5/5) D:10
  Swamp (4/4) Lair:2       Spider (4/4) Lair:2        Slime (5/5) Lair:4
    Orc (2/2) D:10            Elf (2/3) Orc:2        Vaults (4/5) D:14
  Crypt (0/3) Vaults:2     Depths (4/4) D:15            Zot (0/5) Depths:4
  IceCv (visited)         Gauntlet (visited)

Altars:
Ashenzari
Cheibriados
Dithmenos
Elyvilon
Fedhas
Gozag
Hepliaklqana
Kikubaaqudgha
Makhleb
Nemelex Xobeh
Okawaru
Qazlal
Ru
Sif Muna
Trog
Uskayaw
Vehumet
Wu Jian
Xom
Yredelemnul
Zin
The Shining One
Jiyva

Shops:
D:2 ?   D:7 (   D:8 (   D:12 =   D:14 *   Orc:1 =*!:   Orc:2 [=??[   Depths:2 !
Depths:4 [

Portals:
Hell: Depths:1 Depths:2 Depths:3 Depths:4
Abyss: Depths:3
Pandemonium: Depths:2
Ziggurat: Depths:3

Annotations:
D:9 1 runed translucent door, ytrimaz's ghost, journeyman OpFi
Lair:1 bmack86's ghost, journeyman MiFi
Swamp:1 2 transporters, soul19's ghost, journeyman DsFi
Vaults:3 2 transporters, Esoocrirph's ghost, veteran NaFi; Kevimi's ghost, adept FeNe; Vogeir's ghost, veteran HuIE


Message History

You block the rockslime's attack.
Unknown command.
Casting: Arcjolt (safe; 1% risk of failure)
Confirm with . or Enter, or press ? or * to list all spells.
Electricity surges outward!
The rockslime resists.
The rockslime is struck by an electric surge.
The rockslime is heavily wounded.
The rockslime is struck by an electric surge.
The rockslime resists.
The rockslime is struck by an electric surge!
You kill the rockslime!
That felt strangely unrewarding.
The rockslime is struck by an electric surge.
The rockslime resists.
The rockslime is struck by an electric surge.
The rockslime is moderately wounded.
The rockslime resists.
The rockslime is struck by an electric surge!
The rockslime is heavily wounded.
The azure jelly is struck by an electric surge!
The azure jelly is almost dead.
A great orb of eyes comes into view.
You block the rockslime's attack. The rockslime completely misses you.
Unknown command.
Okay, then.
The rockslime attacks as you move away! You block the rockslime's attack.
The rockslime attacks as you move away! The rockslime misses you.
The great orb of eyes gazes at you. You resist with almost no effort.
You block the rockslime's attack.
As you read the scroll of teleportation, it crumbles to dust.
You feel strangely unstable. The rockslime misses you.
The rockslime completely misses you. You block the acid blob's attack.
You block the rockslime's attack. x2; The rockslime hits you!!
* * * LOW HITPOINT WARNING * * *
You hold your ground!
Unknown command.
The rockslime attacks as you move away! The rockslime hits you!!!
* * * LOW HITPOINT WARNING * * *
The rockslime attacks as you move away! The rockslime hits you!!!
You die...

#..................###.#.####
##...........................
#...........................
##..........................
#.........J....G...........
###....G...................
#.#......J................
####...JJJJ...............
#..#.JJ@................
#####...................
#....................
#.#.#................
######...............
#...........#.##
####.#...##..## #####.#####
###


You could see an acid blob, an azure jelly, a great orb of eyes, a slime
creature, 5 rockslimes and a floating eye (charged).

Vanquished Creatures
  the Royal Jelly (Slime:5)
  2 juggernauts
  2 royal mummies (Depths:2)
  Arachne (Spider:4)
  7 golden dragons
  2 bone dragons
  3 doom hounds (Depths:2)
  A tentacled monstrosity (Swamp:3)
  4 liches
  A walking earthen tome (Depths:3)
  A titan (Depths:1)
  A deep elf blademaster (Elf:2)
  16 acid blobs
  2 quicksilver dragons (Depths:4)
  Grunn (Depths:2)
  2 walking frostbound tomes (Depths:3)
  9 sphinxes
  A thorn hunter (Swamp:3)
  4 tengu reavers
  Frances (Swamp:2)
  Donald (Swamp:2)
  3 shadow dragons
  2 storm dragons
  7 azure jellies
  4 draconian monks (Depths:4)
  10 rockslimes
  2 fenstrider witches
  2 iron dragons (Depths:3)
  5 vault wardens
  7 fire giants
  2 emperor scorpions
  Aizul (Spider:4)
  A deep elf sorcerer (Elf:1)
  5 ghost moths
  11 frost giants
  A draconian stormcaller (Depths:4)
  21 very ugly things
  5 draconian annihilators (Depths:4)
  10 quicksilver oozes
  2 angels (Vaults:4)
  2 war gargoyles (Vaults:4)
  3 ghouls
  9 ironbound preservers
  4 stone giants
  3 broodmothers
  A vampire knight (Depths:4)
  7 ironbound thunderhulks
  2 green draconians (Depths:4)
  A deep elf demonologist (Elf:2)
  2 eleionomae
  8 red draconians (Depths:4)
  A black draconian (Depths:4)
  5 bunyips
  A putrid mouth (Depths:1)
  11 purple draconians (Depths:4)
  5 white draconians (Depths:4)
  17 dire elephants
  A minotaur (Gauntlet)
  7 spark wasps
  7 ettins
  A green death (Gauntlet)
  2 crystal guardians (Vaults:3)
  5 yaktaur captains
  5 fire dragons
  3 entropy weavers
  A shambling mangrove (Swamp:4)
  13 great orbs of eyes
  A deep elf high priest (Elf:1)
  9 vault guards
  4 mummy priests (Depths:2)
  A blizzard demon (Depths:2)
  12 ice dragons
  24 hydras
  3 rakshasas
  A ghost crab (Swamp:1)
  2 ogre magi (D:15)
  2 peacekeepers
  3 radroaches
  A jorogumo (Spider:3)
  A hell beast (Depths:4)
  2 spriggan air magi
  14 alligators
  13 centaur warriors
  4 ironbound frosthearts
  31 dancing weapons
  15 two-headed ogres
  7 boulder beetles
  4 deep troll shamans
  3 hell hogs
  2 vampire magi
  5 tengu warriors
  2 spriggan berserkers (Depths:4)
  10 death yaks
  6 deep troll earth magi
  2 soul eaters (Depths:4)
  7 hell knights
  An orc high priest (Orc:2)
  12 sun demons
  3 skysharks
  Sonja (Lair:1)
  24 deep elf knights
  8 pharaoh ants
  2 sixfirhies
  2 salamander mystics
  A sun moth (Spider:1)
  A goliath frog (Swamp:1)
  3 iron trolls
  17 skeletal warriors
  4 spriggan druids
  8 bog bodies
  5 orb spiders
  3 glowing orange brains
  3 flayed ghosts (Depths:3)
  8 swamp dragons
  3 death drakes (Depths:4)
  38 deep trolls
  5 steelbarb worms
  14 ironbound convokers
  A phantasmal warrior (Vaults:2)
  7 wizards
  3 spectral wolf spiders (Spider:1)
  A tengu zombie (Depths:1)
  4 deep elf archers
  2 lindwurms (Vaults:1)
  2 orc knights (D:15)
  Pikel (D:8)
  4 necromancers
  6 wolf spider zombies (Spider:1)
  A lindwurm (shapeshifter) (Depths:3)
  2 tengu skeletons (Vaults:1)
  27 deep elf pyromancers
  5 manticores
  2 oklob plants (Lair:4)
  5 shining eyes
  27 wolf spiders
  4 cyclopes
  23 deep elf zephyrmancers
  6 orc sorcerers
  A shadow dragon skeleton (Depths:1)
  A wolf spider (shapeshifter) (Depths:3)
  30 ugly things
  5 will-o-the-wisps
  A frost giant skeleton (Vaults:3)
  6 moths of wrath
  2 human skeletons
  5 salamanders
  17 vault sentinels
  An ice statue (IceCv)
  An eye of devastation (shapeshifter) (Depths:4)
  5 eyes of devastation
  15 cane toads
  6 torpor snails
  4 demonic crawlers
  4 smoke demons
  3 orange demons
  11 rime drakes
  A gargoyle (D:14)
  A freezing wraith (D:15)
  An unseen horror (D:13)
  4 kobold demonologists
  5 komodo dragons
  2 tormentors (Depths:1)
  17 yaktaurs
  4 trolls
  4 guardian mummies (Depths:2)
  3 tengu conjurers
  2 ice devils (D:13)
  3 meliai (Spider:3)
  2 bloated husks (Swamp:3)
  2 hellwings
  12 polar bears
  A red devil (Depths:2)
  2 wolf spider simulacra (Spider:1)
  10 tyrant leeches
  20 blink frogs
  18 hornets
  32 tarantellas
  98 slime creatures
  A frost giant simulacrum (Depths:1)
  Sigmund (D:4)
  3 centaur simulacra
  32 jumping spiders
  A shadow (D:9)
  2 air elementals (Elf:1)
  18 culicivoras
  4 wraiths
  2 culicivoras (shapeshifter)
  87 yaks
  A deep troll skeleton (Vaults:3)
  24 spriggans
  A vampire (D:13)
  5 wyverns
  A fire elemental (Elf:1)
  8 basilisks
  6 water elementals
  2 chaos spawn (D:13)
  An elf skeleton (Vaults:1)
  9 golden eyes
  6 vampire mosquitoes
  61 redbacks
  A steam dragon (D:10)
  2 acid dragons
  14 swamp worms
  A glowing shapeshifter zombie (Depths:1)
  14 water moccasins
  3 floating eyes
  Duvessa (D:7)
  5 ice beasts
  A sky beast (D:8)
  18 orc warriors
  5 black bears
  8 swamp drakes
  7 ogres
  4 boggarts (Lair:5)
  46 wolves
  16 centaurs
  2 phantoms
  3 lemures (D:8)
  2 kobold brigands
  9 bullfrogs
  A bullfrog (shapeshifter) (Depths:1)
  3 gnoll sergeants
  3 scorpions
  3 earth elementals
  A necrophage (Swamp:3)
  A human simulacrum (Vaults:1)
  5 wights (D:9)
  Dowan (D:7)
  2 howler monkeys (D:9)
  5 electric eels
  6 hounds
  A jelly (D:6)
  22 orc priests
  A sleepcap (D:7)
  2 iguanas
  32 orc wizards
  A boggart simulacrum (D:15)
  A mummy (Depths:2)
  4 adders
  13 gnolls
  2 shadow imps (Gauntlet)
  2 white imps
  3 ufetubi
  2 worms (D:2)
  4 dart slugs
  45 orcs
  7 endoplasms
  4 giant cockroaches
  4 hobgoblins
  11 jackals
  17 kobolds
  7 quokkas
  9 ball pythons
  6 bats
  3 frilled lizards
  6 goblins
  4 rats
  A spectral orc (D:7)
  A bush (Lair:5)
1827 creatures vanquished.

Vanquished Creatures (collateral kills)
  A fire dragon (Depths:1)
  2 hell knights (Depths:1)
  An iron troll (Depths:1)
  A necromancer (Depths:1)
5 creatures vanquished.

Vanquished Creatures (others)
  Nikola (Depths:2)
  A fire giant (Depths:4)
  An ettin (Depths:1)
  2 hell knights (Depths:1)
  A deep troll (Depths:1)
  4 dancing weapons (Depths:4)
  A quokka (D:15)
  44 foxfires
  63 fungi
  41 plants
  3 withered plants (Gauntlet)
162 creatures vanquished.

Grand Total: 1994 creatures vanquished

Notes
Turn   | Place    | Note
-------+----------+-------------------------------------------
     0 | D:1      | LustLizard the Deep Elf Air Elementalist began the quest
                  | for the Orb.
     0 | D:1      | Reached XP level 1. HP: 10/10 MP: 6/6
   233 | D:1      | Reached XP level 2. HP: 15/15 MP: 4/8
   359 | D:1      | Learned a level 2 spell: Static Discharge
   963 | D:2      | Reached XP level 3. HP: 20/20 MP: 3/9
  1103 | D:2      | Found Xixihu's Magic Scroll Shoppe.
  1113 | D:2      | Bought a scroll of identify for 20 gold pieces
  1113 | D:2      | Bought a scroll of teleportation for 30 gold pieces
  1677 | D:2      | Reached skill level 1 in Fighting
  1699 | D:2      | Reached XP level 4. HP: 25/25 MP: 0/11
  2068 | D:2      | Learned a level 3 spell: Swiftness
  2186 | D:2      | Noticed a phantom
  2197 | D:2      | Killed a phantom
  2198 | D:2      | Reached XP level 5. HP: 7/29 MP: 0/13
  2507 | D:2      | Bought a scroll of blinking for 75 gold pieces
  2613 | D:3      | Found a faded altar of an unknown god.
  3223 | D:4      | Noticed a centaur
  3238 | D:4      | Noticed a phantom
  3255 | D:3      | Killed a phantom
  3256 | D:3      | Reached XP level 6. HP: 18/35 MP: 3/14
  3461 | D:4      | Noticed Sigmund
  3528 | D:4      | Reached skill level 5 in Air Magic
  3540 | D:4      | Learned a level 4 spell: Airstrike
  3576 | D:4      | Killed Sigmund
  3577 | D:4      | Reached XP level 7. HP: 40/40 MP: 6/16
  3664 | D:4      | Reached skill level 5 in Spellcasting
  4070 | D:5      | Entered Level 5 of the Dungeon
  4778 | D:5      | Reached XP level 8. HP: 41/45 MP: 11/18
  5007 | D:6      | Learned a level 3 spell: Tukima's Dance
  5013 | D:6      | Learned a level 5 spell: Arcjolt
  5687 | D:6      | Reached skill level 5 in Stealth
  5687 | D:6      | Reached skill level 5 in Conjurations
  5960 | D:7      | Found a staircase to the Ecumenical Temple.
  5967 | Temple   | Entered the Ecumenical Temple
  5972 | Temple   | Became a worshipper of Vehumet
  6127 | D:7      | Found a hazy altar of Hepliaklqana.
  6127 | D:7      | Found a glowing golden altar of the Shining One.
  6201 | D:7      | Noticed a two-headed ogre
  6240 | D:7      | Reached skill level 5 in Dodging
  6248 | D:7      | Noticed Dowan
  6282 | D:7      | Killed Dowan
  6339 | D:7      | Reached XP level 9. HP: 51/51 MP: 6/21
  6402 | D:7      | Noticed Duvessa
  6574 | D:7      | Found Udiqoar's Weapon Shoppe.
  6636 | D:7      | Killed Duvessa
  6857 | D:7      | Found a basalt altar of Yredelemnul.
  6962 | D:7      | Killed a two-headed ogre
  6962 | D:7      | Reached * piety under Vehumet
  6962 | D:7      | Offered knowledge of Foxfire by Vehumet.
  7041 | D:7      | Learned a level 1 spell: Foxfire
  7083 | D:7      | Reached skill level 1 in Fire Magic
  7150 | D:8      | Reached skill level 2 in Fire Magic
  7313 | D:8      | Reached skill level 3 in Fire Magic
  7419 | D:8      | Noticed a two-headed ogre
  7435 | D:8      | Killed a two-headed ogre
  7436 | D:8      | Reached XP level 10. HP: 58/58 MP: 13/24
  7490 | D:8      | Found Liynucoi's Antique Weapon Shoppe.
  7499 | D:8      | Noticed Pikel
  7604 | D:8      | Killed Pikel
  7605 | D:8      | Reached skill level 4 in Fire Magic
  7960 | D:8      | Noticed a sun demon
  8290 | D:8      | Reached skill level 5 in Fire Magic
  8544 | D:8      | Reached skill level 5 in Fighting
  8931 | D:9      | Found a runed translucent door.
  8936 | D:9      | Noticed ytrimaz's ghost (journeyman OpFi)
  9004 | D:9      | Reached ** piety under Vehumet
  9004 | D:9      | Offered knowledge of Poisonous Vapours by Vehumet.
  9101 | D:9      | Reached skill level 6 in Fire Magic
  9112 | D:9      | Found an ornate altar of the Wu Jian Council.
  9113 | D:9      | Found a stormy altar of Qazlal.
  9115 | D:9      | Found a hide-covered altar of Uskayaw.
  9117 | D:9      | Found an ancient bone altar of Kikubaaqudgha.
  9117 | D:9      | Found a shimmering blue altar of Sif Muna.
  9175 | D:9      | Noticed a boulder beetle
  9492 | D:10     | Entered Level 10 of the Dungeon
  9503 | D:10     | Reached XP level 11. HP: 64/64 MP: 14/25
  9675 | D:9      | Killed a boulder beetle
  9877 | D:9      | Found a burning altar of Makhleb.
  9878 | D:9      | Found a shimmering altar of Xom.
  9888 | D:9      | Found a bloodstained altar of Trog.
 10207 | D:10     | Reached skill level 10 in Air Magic
 10270 | D:10     | Reached skill level 7 in Fire Magic
 10387 | D:10     | Noticed a two-headed ogre
 10390 | D:10     | Killed a two-headed ogre
 10703 | D:10     | Found a staircase to the Orcish Mines.
 10818 | D:10     | Noticed a two-headed ogre
 10820 | D:10     | Offered knowledge of Ignite Poison by Vehumet.
 10987 | D:10     | Killed a two-headed ogre
 11099 | D:10     | Found a staircase to the Lair.
 11197 | D:10     | Learned a level 3 spell: Ignite Poison
 11204 | D:10     | Learned a level 6 spell: Plasma Beam
 11420 | D:11     | Noticed a two-headed ogre
 11427 | D:11     | Killed a two-headed ogre
 11428 | D:11     | Reached skill level 10 in Spellcasting
 11428 | D:11     | Reached skill level 8 in Fire Magic
 11699 | D:11     | Reached *** piety under Vehumet
 11783 | D:11     | Found a frozen archway.
 11797 | IceCv    | Entered an ice cave
 11802 | IceCv    | Reached XP level 12. HP: 65/70 MP: 28/28
 12127 | IceCv    | Noticed a death yak
 12556 | IceCv    | Reached skill level 9 in Fire Magic
 12561 | IceCv    | Offered knowledge of Inner Flame by Vehumet.
 12685 | IceCv    | Noticed a death yak
 12685 | IceCv    | Noticed a death yak
 12861 | IceCv    | Killed a death yak
 12895 | IceCv    | Noticed a death yak
 12927 | IceCv    | Killed a death yak
 13142 | IceCv    | Noticed a death yak
 13229 | IceCv    | Killed a death yak
 13229 | IceCv    | Killed a death yak
 13231 | IceCv    | Killed a death yak
 13282 | IceCv    | Noticed a death yak
 13282 | IceCv    | Noticed a frost giant
 13725 | IceCv    | Killed a frost giant
 13726 | IceCv    | Reached skill level 10 in Fire Magic
 13916 | IceCv    | Killed a death yak
 13916 | IceCv    | Reached **** piety under Vehumet
 14824 | D:11     | Reached skill level 1 in Hexes
 14824 | D:11     | Reached XP level 13. HP: 76/76 MP: 17/30
 15145 | D:12     | Offered knowledge of Irradiate by Vehumet.
 15297 | D:12     | Reached skill level 1 in Shields
 15348 | D:12     | Reached skill level 10 in Dodging
 16042 | D:12     | Found Jublakit's Jewellery Emporium.
 16150 | D:12     | Learned a level 5 spell: Irradiate
 16270 | D:13     | Reached skill level 11 in Fire Magic
 16457 | D:13     | Found a gate leading to a gauntlet.
 16465 | Gauntlet | Entered a Gauntlet
 16465 | Gauntlet | Found a transporter.
 16465 | Gauntlet | Found a transporter.
 16500 | Gauntlet | Found a transporter.
 16518 | Gauntlet | Found a transporter.
 16518 | Gauntlet | Found a transporter.
 16518 | Gauntlet | Found a transporter.
 16528 | Gauntlet | Found a transporter.
 16528 | Gauntlet | Found a transporter.
 16536 | Gauntlet | Noticed a green death
 16540 | Gauntlet | Found a transporter.
 16581 | Gauntlet | Found a transporter.
 16583 | Gauntlet | Noticed a reaper
 16591 | Gauntlet | Found a transporter.
 16605 | Gauntlet | Found a transporter.
 16625 | Gauntlet | Found a transporter.
 16637 | Gauntlet | Found a transporter.
 17047 | Gauntlet | Killed a green death
 17052 | Gauntlet | Identified the ring of Yfih {rElec rF+ rN+ Will+ Str-4}
 17079 | Gauntlet | Identified the ring "Ekodoefo" {+Blink rC+ rN++ Dex+4}
 17079 | Gauntlet | Noticed a minotaur
 17081 | Gauntlet | Killed a minotaur
 17099 | Gauntlet | Identified the +1 leather armour of Tycewesu {Contam rPois
                  | rN+ Str+4}
 17104 | Gauntlet | Got Ditivey's Parchment of the Limned Compass
 17113 | Gauntlet | Got the Essays on Modification
 17459 | D:13     | Reached skill level 1 in Evocations
 17717 | D:13     | Reached XP level 14. HP: 83/83 MP: 10/32
 17777 | D:13     | Reached skill level 12 in Fire Magic
 18345 | Lair:1   | Entered Level 1 of the Lair of Beasts
 18511 | Lair:1   | Reached ***** piety under Vehumet
 18511 | Lair:1   | Offered knowledge of Eringya's Noxious Bog by Vehumet.
 18738 | Lair:1   | Noticed Sonja
 18739 | Lair:1   | Killed Sonja
 18744 | Lair:1   | Found a runed translucent door.
 18744 | Lair:1   | Found a shimmering altar of Xom.
 18745 | Lair:1   | Noticed bmack86's ghost (journeyman MiFi)
 20458 | Lair:2   | Found a staircase to the Swamp.
 20611 | Lair:2   | Found a hole to the Spider Nest.
 21138 | Lair:3   | Reached skill level 13 in Fire Magic
 21274 | Lair:3   | Identified the +5 ring mail "Qeczilu" {rCorr Slay+2}
 21936 | Lair:4   | Found a viscous altar of Jiyva.
 21944 | Lair:4   | Found a staircase to the Slime Pits.
 22483 | Lair:4   | Found the +1 robe of Vines {NoPotionHeal Regen++++}
 22756 | Lair:5   | Entered Level 5 of the Lair of Beasts
 22839 | Lair:5   | Offered knowledge of Fireball by Vehumet.
 22846 | Lair:5   | Learned a level 5 spell: Fireball
 22851 | Lair:5   | Reached XP level 15. HP: 89/89 MP: 23/34
 24551 | Orc:1    | Entered Level 1 of the Orcish Mines
 24553 | Orc:1    | Offered knowledge of Freezing Cloud by Vehumet.
 24554 | Orc:1    | Reached skill level 5 in Evocations
 24642 | Orc:1    | Found Biesabaf's Book Emporium.
 24687 | Orc:1    | Found Xozurih Hoxt's Jewellery Shoppe.
 24792 | Orc:1    | Found Kahoem's Distillery.
 24793 | Orc:1    | Found Gedghe's Assorted Antiques.
 24854 | Orc:2    | Entered Level 2 of the Orcish Mines
 24854 | Orc:2    | Found Oheyl's Armour Shop.
 24927 | Orc:2    | Found a staircase to the Elven Halls.
 25687 | Orc:2    | Offered knowledge of Orb of Destruction by Vehumet.
 25688 | Orc:2    | Reached skill level 5 in Shields
 25765 | Orc:2    | Found Zamuddewie's Antique Armour Emporium.
 25765 | Orc:2    | Found Ircheuv's Magic Scroll Shoppe.
 25766 | Orc:2    | Found Eluvicwoath's Magic Scroll Shoppe.
 25770 | Orc:2    | Found Oniss's Jewellery Emporium.
 26278 | D:14     | Reached skill level 14 in Fire Magic
 26352 | D:14     | Reached skill level 15 in Air Magic
 26616 | D:14     | Found Kujucwulu's Neck Hole.
 26888 | D:14     | Found a gate to the Vaults.
 27223 | D:15     | Entered Level 15 of the Dungeon
 27276 | D:15     | Found a white marble altar of Elyvilon.
 27800 | D:15     | Reached XP level 16. HP: 96/96 MP: 7/35
 28357 | D:15     | Found a staircase to the Depths.
 28607 | Swamp:1  | Entered Level 1 of the Swamp
 28611 | Swamp:1  | Learned a level 2 spell: Blink
 28688 | Swamp:1  | Found a transporter.
 28701 | Swamp:1  | Reached skill level 1 in Translocations
 28871 | Swamp:1  | You fall into a shaft and drop 1 floor!
 28871 | Swamp:2  | Noticed Frances
 28874 | Swamp:2  | Killed Frances
 28875 | Swamp:2  | Reached skill level 1 in Armour
 29143 | Swamp:1  | Noticed soul19's ghost (journeyman DsFi)
 29320 | Swamp:1  | Reached ****** piety under Vehumet
 29615 | Swamp:1  | Offered knowledge of Iron Shot by Vehumet.
 29738 | Swamp:1  | Found a transporter.
 30663 | Orc:2    | Bought a pair of glowing gloves for 232 gold pieces
 30677 | Orc:2    | Bought a scroll of teleportation for 36 gold pieces
 30677 | Orc:2    | Bought a scroll of teleportation for 36 gold pieces
 30677 | Orc:2    | Bought a scroll of magic mapping for 90 gold pieces
 30678 | Orc:2    | Bought a scroll of blinking for 105 gold pieces
 30678 | Orc:2    | Bought a scroll of fear for 56 gold pieces
 30678 | Orc:2    | Bought a scroll of magic mapping for 105 gold pieces
 30883 | D:2      | Bought a scroll of enchant armour for 75 gold pieces
 30883 | D:2      | Bought a scroll of magic mapping for 75 gold pieces
 30883 | D:2      | Bought a scroll of enchant armour for 75 gold pieces
 31063 | Orc:1    | Bought a potion of haste for 150 gold pieces
 31063 | Orc:1    | Bought a potion of haste for 150 gold pieces
 31063 | Orc:1    | Bought a potion of cancellation for 120 gold pieces
 31457 | Swamp:2  | Noticed Donald
 31464 | Swamp:2  | Killed Donald
 31709 | Swamp:3  | Noticed a tentacled monstrosity
 31718 | Swamp:3  | Killed a tentacled monstrosity
 32577 | Swamp:4  | Entered Level 4 of the Swamp
 32586 | Swamp:4  | Reached skill level 10 in Fighting
 32589 | Swamp:4  | Reached XP level 17. HP: 102/102 MP: 10/36
 32748 | Swamp:4  | Reached skill level 5 in Translocations
 32983 | Swamp:4  | Offered knowledge of Conjure Ball Lightning by Vehumet.
 33275 | Swamp:4  | Identified the -2 cloak of Baal Sod {Int+3}
 33377 | Swamp:4  | Got a decaying rune of Zot
 33581 | Spider:1 | Entered Level 1 of the Spider Nest
 34420 | Spider:1 | Identified a scroll of acquirement
 34421 | Spider:1 | Acquired the ring of Getig {rF+ Will+ Str+3 Int+3 Slay+3}
 34452 | Spider:1 | Reached skill level 5 in Armour
 34899 | Spider:1 | Offered knowledge of Ignition by Vehumet.
 35602 | Spider:2 | Reached skill level 15 in Dodging
 35602 | Spider:2 | Reached skill level 10 in Evocations
 36418 | Spider:3 | Offered knowledge of Fire Storm by Vehumet.
 36418 | Spider:3 | Offered knowledge of Shatter by Vehumet.
 36418 | Spider:3 | Offered knowledge of Chain Lightning by Vehumet.
 36476 | Spider:3 | Reached XP level 18. HP: 108/108 MP: 37/37
 37896 | Spider:4 | Entered Level 4 of the Spider Nest
 37896 | Spider:4 | Noticed Arachne
 37905 | Spider:4 | Killed Arachne
 38385 | Spider:4 | Noticed Aizul
 38903 | Spider:4 | Killed Aizul
 39417 | Spider:4 | Identified the +8 ring mail "Quhi" {MP+9 Int+3}
 39950 | Spider:4 | Got a gossamer rune of Zot
 40498 | Vaults:1 | Entered Level 1 of the Vaults
 41035 | Vaults:1 | Identified the +0 chain mail of Guloxzac {*Corrode Will++
                  | Str+3 Stlth+}
 41971 | Vaults:1 | Reached XP level 19. HP: 116/116 MP: 27/38
 42283 | Vaults:2 | Found a staircase to the Crypt.
 42283 | Vaults:2 | Found an ancient bone altar of Kikubaaqudgha.
 42283 | Vaults:2 | Found a basalt altar of Yredelemnul.
 42288 | Vaults:2 | Reached skill level 15 in Fire Magic
 42698 | Vaults:2 | Reached skill level 10 in Shields
 44225 | Vaults:3 | Found a transporter.
 44230 | Vaults:3 | Noticed Kevimi's ghost (adept FeNe)
 44241 | Vaults:3 | Noticed Esoocrirph's ghost (veteran NaFi)
 44253 | Vaults:3 | Noticed Vogeir's ghost (veteran HuIE)
 44258 | Vaults:3 | Found a transporter.
 46822 | Vaults:4 | Found a glowing silver altar of Zin.
 46831 | Vaults:4 | Found a glowing golden altar of the Shining One.
 46831 | Vaults:4 | Found a white marble altar of Elyvilon.
 47463 | Vaults:4 | Reached XP level 20. HP: 123/123 MP: 19/39
 48201 | Vaults:4 | Reached skill level 1 in Staves
 48237 | Vaults:4 | Identified the ring of Omefimno {rC++ AC+4 Str-3}
 48428 | Vaults:4 | Reached skill level 10 in Conjurations
 49019 | Depths:1 | Entered Level 1 of the Depths
 49447 | Depths:1 | Found a runed translucent door.
 49577 | Depths:1 | Found a gateway to Hell.
 49815 | Depths:1 | Reached skill level 16 in Fire Magic
 51472 | Depths:1 | Identified the +8 battleaxe of Amortisation {flame, rCorr
                  | Dex+2}
 51600 | Depths:2 | Noticed a doom hound
 51602 | Depths:2 | Killed a doom hound
 51604 | Depths:2 | Noticed a doom hound
 51604 | Depths:2 | Noticed a doom hound
 51606 | Depths:2 | Noticed Grunn
 51616 | Depths:2 | Killed a doom hound
 51626 | Depths:1 | Noticed a bone dragon
 51630 | Depths:1 | Noticed a bone dragon
 52078 | D:15     | Gained mutation: You are robust. (+10% HP) [mutagenic glow]
 52507 | Depths:1 | Killed a bone dragon
 52824 | Depths:2 | Killed Grunn
 52830 | Depths:2 | Killed a doom hound
 53325 | Depths:2 | Found a one-way gate leading to the halls of Pandemonium.
 53335 | Depths:2 | Identified the staff of death "Ynnonau" {rN+ Int+2}
 53447 | Depths:2 | Noticed Nikola
 53458 | Depths:2 | Killed Nikola
 53768 | Depths:2 | Reached XP level 21. HP: 141/141 MP: 28/40
 53911 | Depths:2 | Found Rimidip's Distillery.
 53914 | Depths:2 | Bought a potion of mutation for 112 gold pieces
 53914 | Depths:2 | Bought a potion of heal wounds for 70 gold pieces
 53914 | Depths:2 | Bought a potion of heal wounds for 70 gold pieces
 54095 | Depths:2 | Noticed a royal mummy
 54108 | Depths:2 | Killed a royal mummy
 54286 | Depths:2 | Noticed a royal mummy
 54501 | Depths:2 | You fall into a shaft and drop 1 floor!
 54520 | Depths:3 | Noticed a golden dragon
 54626 | Depths:2 | Killed a royal mummy
 55362 | Depths:2 | Noticed a juggernaut
 55365 | Depths:2 | Killed a juggernaut
 55391 | Depths:2 | Reached skill level 5 in Staves
 55461 | Depths:3 | Noticed a golden dragon
 55587 | Depths:3 | Killed a golden dragon
 55781 | Depths:2 | Killed a golden dragon
 56031 | Depths:3 | Found a one-way gateway to a ziggurat.
 56266 | Depths:3 | Noticed a juggernaut
 56271 | Depths:3 | Killed a juggernaut
 56351 | Depths:3 | Noticed a golden dragon
 56357 | Depths:3 | Killed a golden dragon
 56531 | Depths:3 | Reached skill level 17 in Fire Magic
 56622 | Depths:3 | Gained mutation: You are vulnerable to heat. (rF-)
                  | [mutagenic glow]
 56635 | Depths:3 | Gained mutation: You do not regenerate when monsters are
                  | visible. [mutagenic glow]
 56642 | Depths:3 | Gained mutation: Your body sometimes deteriorates upon
                  | taking damage. [mutagenic glow]
 56659 | Depths:3 | Gained mutation: You occasionally lose the ability to read
                  | scrolls when taking damage. [mutagenic glow]
 56662 | Depths:3 | Gained mutation: You are weak. (Str -2) [a shining eye]
 56688 | Depths:3 | Lost mutation: You are vulnerable to heat. (rF-) [potion of
                  | mutation]
 56688 | Depths:3 | Lost mutation: You are weak. (Str -2) [potion of mutation]
 56688 | Depths:3 | Gained mutation: You have a pair of small horns on your
                  | head. [potion of mutation]
 56688 | Depths:3 | Lost mutation: You are robust. (+10% HP) [potion of
                  | mutation]
 56689 | Depths:3 | Lost mutation: You have a pair of small horns on your head.
                  | [potion of mutation]
 56689 | Depths:3 | Lost mutation: You do not regenerate when monsters are
                  | visible. [potion of mutation]
 56689 | Depths:3 | Lost mutation: You occasionally lose the ability to read
                  | scrolls when taking damage. [potion of mutation]
 56689 | Depths:3 | Gained mutation: You expend magic power (3 MP) to
                  | strengthen your wands. [potion of mutation]
 56689 | Depths:3 | Gained mutation: You have hidden genetic potential. [potion
                  | of mutation]
 56689 | Depths:3 | Gained mutation: Your body often deteriorates upon taking
                  | damage. [potion of mutation]
 56773 | Depths:3 | Found a one-way gate to the infinite horrors of the Abyss.
 56865 | Depths:4 | Entered Level 4 of the Depths
 56982 | Depths:4 | Found Viris's Armour Boutique.
 56990 | Depths:4 | Bought a +2 cloak of preservation for 279 gold pieces
 57013 | Depths:4 | Found a stormy altar of Qazlal.
 57247 | Depths:4 | Reached XP level 22. HP: 93/136 MP: 18/41
 57389 | Depths:4 | Identified the +4 mace "Ettudob" {elec, rElec Str+3}
 57403 | Depths:4 | Noticed a golden dragon
 57420 | Depths:4 | Killed a golden dragon
 57481 | Depths:4 | Noticed a golden dragon
 57481 | Depths:4 | Noticed a golden dragon
 57482 | Depths:4 | Identified the +4 morningstar of Abumofuc {drain, *Noise
                  | rF++ Int+3}
 57499 | Depths:4 | Killed a golden dragon
 57726 | Depths:4 | Noticed a golden dragon
 57742 | Depths:4 | Killed a golden dragon
 58003 | Depths:4 | Killed a golden dragon
 58224 | Depths:4 | Reached skill level 15 in Conjurations
 58719 | Depths:4 | Lost mutation: You expend magic power (3 MP) to strengthen
                  | your wands. [potion of mutation]
 58719 | Depths:4 | Lost mutation: You have hidden genetic potential. [potion
                  | of mutation]
 58719 | Depths:4 | Lost mutation: Your body often deteriorates upon taking
                  | damage. [potion of mutation]
 58719 | Depths:4 | Lost mutation: Your body sometimes deteriorates upon taking
                  | damage. [potion of mutation]
 59596 | Depths:4 | Found a gate to the Realm of Zot.
 59606 | Depths:4 | Got the Guidebook on Conjuration and Weather
 59997 | Elf:1    | Entered Level 1 of the Elven Halls
 60070 | Elf:1    | Identified the +1 long sword "Xeogyalo" {pain, Fly}
 61515 | Elf:2    | Reached skill level 18 in Fire Magic
 61819 | Elf:2    | Found a runed translucent gate.
 61819 | Elf:2    | Found a runed translucent gate.
 61819 | Elf:2    | Found a runed translucent gate.
 62095 | Elf:2    | Identified the +1 leather armour of the Lost Path {+Inv
                  | rElec}
 62595 | Elf:2    | Reached XP level 23. HP: 143/143 MP: 16/42
 63288 | Slime:1  | Entered Level 1 of the Pits of Slime
 63511 | Slime:1  | Learned a level 9 spell: Fire Storm
 64237 | Slime:2  | Found a viscous altar of Jiyva.
 65437 | Slime:5  | Entered Level 5 of the Pits of Slime
 66456 | Slime:5  | Noticed the Royal Jelly
 66517 | Slime:5  | Found a viscous altar of Jiyva.
 66695 | Slime:5  | Killed the Royal Jelly
 66701 | Slime:5  | HP: 3/144 [rockslime[the Royal Jelly] (36)]
 66701 | Slime:5  | Annihilated by a rockslime

Illustrated notes

Levels and vault maps discovered:
D:1:      tarquinn_simple_flora_water_f, layout_basic
D:2:      layout_basic, serial_shops, shop, minmay_domino_4
D:3:      layout_rooms, ebering_ecumenical_altar_box
D:4:      layout_rooms, uniq_sigmund
D:5:      layout_basic, solitary_fountain
D:6:      layout_rooms, serial_aquarium, aquarium_bridge_square
          [aquarium_subvault_wall, aquarium_subvault_bridge,
          aquarium_subvault_wall, aquarium_subvault_bridge],
          aquarium_bridge_long_separate [aquarium_subvault_bridge,
          aquarium_subvault_bridge, aquarium_subvault_balcony,
          aquarium_subvault_bridge, aquarium_subvault_bridge,
          aquarium_subvault_window], aquarium_window_1, aquarium_window_fake,
          aquarium_window_corridor_3, aquarium_view_2d, aquarium_view_2d,
          hellmonk_bongcloud_opening, roderic_serpentine_path, moated_statue,
          dreamdust_mushroom_princess
D:7:      layout_basic, nicolae_overflow_two_pavilions,
          yredelemnul_forgotten_temple_becter,
          minmay_temple_entry_drinking_statues, serial_shops, shop, uniq_duvessa
D:8:      layout_cave_pools, serial_shops, shop, the_hattery, uniq_pikel
D:9:      layout_rooms, grunt_temple_overflow_open, minitemple,
          hellmonk_ghost_big_iron
D:10:     layout_long_grid, erik_lair_dragon, orc_0_dummy
D:11:     minmay_razor_zed, layout_basic, portal_ice_cave_rime
D:12:     layout_irregular_city, serial_shops, shop, dreamdust_wishing_well
D:13:     layout_grid_maze, serial_demonic, serial_demonic_e, serial_demonic_f,
          serial_demonic_d, serial_demonic_f, gauntlet_entry_generic
D:14:     layout_roguey, erik_vaults_2, chequers_avenue,
          nicolae_shop_sticking_my_neck_out
D:15:     grunt_enter_depths_hoard, layout_loops_ring, elyvilon_altar_4,
          serial_ice, serial_ice_h, serial_ice_o, serial_ice_d, serial_ice_b
Temple:   minmay_freezing_vapour_temple
Lair:1:   layout_cellular_growth, ebering_ghost_xom, uniq_sonja
Lair:2:   layout_gridlike, minmay_swamp_entry_eels, dummy_spider_entry,
          nzn_sisyphean_effort
Lair:3:   layout_roguey, serial_bayou_crossing
Lair:4:   layout_roguey, slime_entry_1, hellmonk_guarded_unrand_vines
Lair:5:   minmay_lair_end_enchanted_forest, layout_loops_ring,
          grunt_forest_small_clearing_treed
Swamp:1:  layout_falls_marsh, gammafunk_ghost_mausoleum, hangedman_swamp_lotus,
          swamp_pool2
Swamp:2:  layout_basic_swamp, evilmike_swamp_ruin_house_2, uniq_donald,
          uniq_frances
Swamp:3:  layout_basic_swamp, evilmike_swamp_ruin_house_3,
          infiniplex_staircase_pool
Swamp:4:  swamp, layout_basic_swamp
Spider:1: nicolae_spider_mines_2, nicolae_spider_circle_web,
          nicolae_spider_undead_wolf_pack
Spider:2: layout_spider_delve
Spider:3: layout_spider_delve
Spider:4: grunt_spider_rune_parallel, nicolae_spider_paper_wasps, uniq_aizul,
          uniq_arachne
Slime:1:  nicolae_slime_pool, layout_caves
Slime:2:  layout_caves, basic_altar
Slime:3:  layout_caves, nicolae_slime_getting_an_eyeful
Slime:4:  cheibrodos_slime_lost_civilization_1, layout_caves
Slime:5
Orc:1:    layout_diamond_mine, serial_shops, shop, shop, nicolae_shop_peninsula,
          shop, nicolae_shop_getting_attention
Orc:2:    st_orc_mages, layout_diamond_mine, serial_shops,
          nicolae_shop_advertising_works [nicolae_subvault_shop_adworks],
          basic_altar
Elf:1:    elf_arrival_002, layout_loops_cross,
          hangedman_elven_crosses_minicolossus
Elf:2:    nicolae_elf_blades_splatter_lattice [nicolae_blade_bullseye],
          layout_onion_city
Vaults:1: vaults_dpeg_diagonal, v_misc_33, v_misc_27, grunt_vaults_swirl,
          nicolae_vaults_two_Ls, nicolae_vaults_trapezoid_4,
          ontoclasm_vaults_loading_screen, ontoclasm_vaults_hangar,
          nicolae_vaults_diamond_2, v_alt_pattern_5, ontoclasm_vaults_hangar,
          layout_vaults_omnicross
Vaults:2: grunt_vaults_diagonal, nicolae_vaults_sealed_display,
          vaults_room_pool, ontoclasm_vaults_hangar,
          minmay_crypt_entry_necro_gods, vaults_room_hallway,
          vaults_standard_mumra_enter_the_diamond,
          nicolae_vaults_surprise_closet, nicolae_vaults_bisected_slash,
          layout_vaults_omnigrid
Vaults:3: nzn_ghost_randoct, nicolae_vaults_variable_pillar_hall,
          nicolae_vaults_hallways_thing, vaults_room_door_ring,
          hangedman_vaults_stitches, nicolae_vaults_tetromino_T_1,
          vaults_dpeg_hooks, layout_vaults_chaotic_city
Vaults:4: portal_desolation_entry_holy_temple, hangedman_vaults_capsules,
          v_misc_26, v_rooms_6, nicolae_vaults_back_hallway,
          ontoclasm_vaults_hangar, nicolae_vaults_trapezoid_lopsided_1,
          nicolae_vaults_network_quincunx
          [nicolae_vaults_network_quincunx_subvault,
          nicolae_vaults_network_quincunx_subvault,
          nicolae_vaults_network_quincunx_subvault,
          nicolae_vaults_network_quincunx_subvault,
          nicolae_vaults_network_quincunx_subvault], v_misc_26,
          nicolae_vaults_lightning_bolt, nicolae_vaults_trapezoid_1,
          hangedman_vaults_stream, layout_vaults_omnibox
Depths:1: cheibrodos_lost_city_excavation, layout_honeycomb, hell_entry,
          hangedman_decor_riveting, lightli_giant_bouncers
Depths:2: ragdoll_tomb_raider, layout_honeycomb, serial_shops,
          kennysheep_mini_moat, kennysheep_crisscross, rand_demon_pan_entry_8,
          pf_coc_iceberg, kennysheep_generic_room_15, uniq_nikola, uniq_grunn
Depths:3: minmay_two_paths, layout_cave_pools, enter_ziggurat_f,
          abyss_entry_crystal, nicolae_hell_entry_hellmouth_sunbeams,
          minmay_misc_feat_chi
Depths:4: lemuel_castle_with_subvaults [lemuel_castle_interior_carwin_3],
          layout_gridlike, hellmouth_3, serial_glass, glass_columns_a,
          glass_columns_b, glass_columns_b, glass_columns_c, serial_shops, shop,
          nicolae_qazlal_general_emergency

Skill      XL: |  1  2  3  4  5  6  7  8  9 10 11 12 13 14 15 16 17 18 19 20 21 22 23 |
---------------+----------------------------------------------------------------------+-----
Conjurations   | 2 3 4 5 6 9 11 14 16 17 | 17.7
Fighting       | 1 2 3 4 5 6 7 8 9 10 12 13 14 | 14.9
Spellcasting   | 4 5 6 8 10 11 12 13 | 13.0
Air Magic      | 4 5 6 7 8 9 10 12 13 14 15 16 | 16.7
Dodging        | 3 5 6 7 8 9 10 11 12 13 15 16 17 | 17.4
Stealth        | 3 4 5 6 8 |  8.0
Fire Magic     | 3 6 8 10 11 13 14 15 16 17 18 | 18.6
Hexes          | 1 4 |  4.0
Shields        | 2 4 5 6 8 9 10 11 12 13 | 13.2
Evocations     | 1 4 6 8 10 12 13 | 13.8
Translocations | 4 6 |  6.0
Armour         | 3 5 |  5.3
Staves         | 4 7 8 9 |  9.9

Action                     |  1- 3 |  4- 6 |  7- 9 | 10-12 | 13-15 | 16-18 | 19-21 | 22-24 || total
---------------------------+-------+-------+-------+-------+-------+-------+-------+-------++-------
  Melee: Dagger            |     4 |     7 |       |     7 |     2 |       |       |       ||    20
         Staff             |       |       |       |       |    24 |    39 |   217 |   215 ||   495
   Cast: Shock             |    93 |    60 |   140 |    56 |     1 |       |       |       ||   350
         Static Discharge  |     2 |    15 |    14 |     1 |       |       |       |       ||    32
         Airstrike         |       |     2 |    59 |   250 |   459 |   586 |   313 |   215 ||  1884
         Tukima's Dance    |       |       |     1 |       |       |       |    13 |    14 ||    28
         Arcjolt           |       |       |       |    12 |    14 |    30 |    37 |    22 ||   115
         Plasma Beam       |       |       |       |    32 |   229 |   310 |   541 |   407 ||  1519
         Foxfire           |       |       |       |       |    14 |     1 |       |       ||    15
         Fireball          |       |       |       |       |     1 |    21 |    42 |    10 ||    74
         Blink             |       |       |       |       |       |     1 |     8 |     2 ||    11
         Irradiate         |       |       |       |       |       |       |    29 |    16 ||    45
         Swiftness         |       |       |       |       |       |       |     2 |       ||     2
Ability: Evoke the Staff o |       |       |       |       |       |       |     2 |       ||     2
  Evoke: Wand              |       |       |       |     6 |       |     9 |    17 |     1 ||    33
         Phial of floods   |       |       |       |       |       |     1 |       |       ||     1
         Phantom mirror    |       |       |       |       |       |       |     2 |     2 ||     4
    Use: Scroll            |     1 |     2 |    11 |    11 |    11 |    16 |    16 |     5 ||    73
         Potion            |       |     2 |       |     2 |       |     7 |     6 |    10 ||    27
   Stab: Invisible         |       |       |       |     1 |       |       |       |       ||     1
 Armour: Robe              |     1 |     2 |     5 |    24 |     6 |       |       |       ||    38
         Leather armour    |       |       |       |       |    28 |    54 |    97 |    78 ||   257
  Dodge: Dodged            |     6 |    15 |    25 |   127 |    99 |   216 |   288 |   209 ||   985
  Block: Buckler           |       |       |       |       |    22 |   109 |       |       ||   131
         Kite shield       |       |       |       |       |       |     5 |   356 |   262 ||   623
         Reflection        |       |       |       |       |       |     1 |    30 |    23 ||    54

Table legend: (Time is in decaauts)
 A = Elapsed time spent in this place.
 B = Non-inter-level travel time spent in this place.
 C = Inter-level travel time spent in this place.
 D = Time resting spent in this place.
 E = Time spent auto-exploring this place.
 F = Levels seen in this place.
 G = Mean time per level.
                   A        B        C        D        E       F      G
               +--------+--------+--------+--------+--------+-----+--------+
         Total |  67025 |  61809 |   5216 |   8668 |  42108 |  48 | 1396.4 |
       Dungeon |  19445 |  16855 |   2590 |   1699 |  12294 |  15 | 1296.3 |
        Temple |     10 |      6 |      4 |      0 |      0 |   1 |   10.0 |
          Lair |   7026 |   6399 |    627 |    718 |   4900 |   5 | 1405.2 |
         Swamp |   4125 |   3638 |    487 |    198 |   2881 |   4 | 1031.2 |
   Spider Nest |   6300 |   6020 |    280 |    514 |   4542 |   4 | 1575.0 |
    Slime Pits |   3315 |   3140 |    175 |    781 |   1658 |   5 |  663.0 |
  Orcish Mines |   1892 |   1627 |    265 |     51 |   1356 |   2 |  946.0 |
   Elven Halls |   3105 |   2984 |    121 |    440 |   1899 |   2 | 1552.5 |
        Vaults |   8364 |   8071 |    293 |    764 |   5982 |   4 | 2091.0 |
        Depths |  10333 |   9961 |    372 |   2339 |   5404 |   4 | 2583.2 |
      Ice Cave |   2452 |   2452 |      0 |   1085 |    836 |   1 | 2452.0 |
      Gauntlet |    653 |    653 |      0 |     79 |    355 |   1 |  653.0 |
               +--------+--------+--------+--------+--------+-----+--------+

Top non-repeatable levels by time:
Depths:1: 3384 daAuts
Depths:2: 2906 daAuts
Vaults:4: 2722 daAuts
Depths:4: 2680 daAuts
   IceCv: 2452 daAuts
Spider:3: 2114 daAuts
Vaults:3: 2070 daAuts
    D:10: 2067 daAuts
  Lair:1: 1890 daAuts
Vaults:2: 1887 daAuts
Spider:4: 1791 daAuts
     D:8: 1698 daAuts
Vaults:1: 1684 daAuts
  Lair:5: 1671 daAuts
     D:2: 1624 daAuts
